[Event "Turkish Cup 2022"]
[Site "Sakarya"]
[Date "2022.03.26"]
[Round "3.26"]
[White "Kilic, Efe Mert"]
[Black "Sakmak, Kutay"]
[Result "1/2-1/2"]
[ECO "E60"]
[WhiteElo "2220"]
[BlackElo "1718"]
[Annotator "ChessBase"]
[PlyCount "131"]
[EventDate "2022.03.25"]
[EventType "swiss"]
[EventCountry "TUR"]
[SourceTitle "playchess.com"]
[Source "ChessBase"]
[SourceQuality "1"]
[TimeControl "5400+30"]

1. Nf3 Nf6 2. b3 g6 3. Bb2 Bg7 4. e3 O-O 5. d4 d6 6. Be2 Nbd7 7. c4 Re8 8. O-O b6 9. Nc3 Bb7 10. Qc2 e5 11. dxe5 Nxe5 12. Rfd1 Nxf3+ 13. Bxf3 Bxf3 14. gxf3 Nd7 15. Ne2 Bxb2 16. Qxb2 Ne5 17. Kg2 h5 18. f4 Ng4 19. h3 Nxe3+ 20. fxe3 Rxe3 21. Ng1 Qe7 22. Qc2 Re8 23. Rf1 Qf6 24. Rad1 h4 25. Rd3 R3e4 26. Qf2 a5 27. Kh1 a4 28. Rf3 a3 29. Qg2 Kg7 30. Qg5 R8e7 31. Qxf6+ Kxf6 32. R3f2 Re3 33. Kh2 R7e4 34. Rg2 Rd4 35. Rff2 Red3 36. Rg4 Rd2 37. Rgg2 Rxf2 38. Rxf2 Rd1 39. Nf3 Kf5 40. Rd2 Rb1 41. Kg2 Kxf4 42. Kf2 Rb2 43. Ke2 Kg3 44. Ng5 f6 45. Ne4+ Kxh3 46. Kf3 Rxd2 47. Nxd2 g5 48. Kf2 g4 49. Kg1 f5 50. Nb1 f4 51. Nxa3 f3 52. Nc2 Kg3 53. Ne3 h3 54. Nf1+ Kf4 55. Kf2 h2 56. Ng3 c5 57. Nh1 Ke4 58. Kg3 Kd3 59. Kxh2 Kc2 60. Nf2 Kb2 61. Nxg4 Kxa2 62. Kg3 Kxb3 63. Ne3 Kb4 64. Kxf3 b5 65. cxb5 Kxb5 66. Ke4 1/2-1/2

[Event "Turkish Cup 2022"]
[Site "Sakarya"]
[Date "2022.03.26"]
[Round "3.27"]
[White "Sezis, Doruk"]
[Black "Ozdemir, Serhan Berat"]
[Result "1/2-1/2"]
[ECO "E90"]
[WhiteElo "1566"]
[BlackElo "2185"]
[Annotator "NA"]
[PlyCount "137"]
[EventDate "2022.03.25"]
[EventType "swiss"]
[EventCountry "TUR"]
[SourceTitle "playchess.com"]
[Source "ChessBase"]
[SourceQuality "1"]
[TimeControl "5400+30"]

1. c4 Nf6 2. Nc3 g6 3. e4 d6 4. d4 Bg7 5. h3 O-O 6. Be3 c5 7. d5 e6 8. Bd3 exd5 9. exd5 Re8 10. Nf3 a6 11. O-O Rxe3 12. fxe3 Qe7 13. Qd2 $16 Nbd7 14. Rae1 Rb8 15. g4 h6 16. Kh1 Nh7 17. Qf2 Ne5 18. Nxe5 Bxe5 19. Rb1 Bd7 20. Ne2 b5 21. cxb5 axb5 22. Ng1 Kg7 23. Nf3 Bf6 24. b3 Re8 25. e4 b4 26. Rbe1 Bc3 27. Re2 Ng5 28. Nxg5 hxg5 29. Kg2 Be5 30. Qf3 Rh8 31. Ref2 f6 32. Rh1 Rh4 33. Qe2 Qe8 34. Qc2 Bd4 35. Rff1 Qe5 36. Be2 Rh8 37. Bd3 Ra8 38. Qe2 Rh8 39. Qc2 Qe8 40. Be2 Qc8 41. Rd1 Be5 42. Qd3 Rh4 43. Qf3 Qa8 44. Rd2 Bf4 45. Rb2 Qe8 46. Qd3 Qe5 47. Rc2 Rh8 48. Bf3 Bg3 49. Bd1 Bf4 50. Bf3 Re8 51. Re2 Bg3 52. Rd2 Bf4 53. Rc2 Qe7 54. a3 bxa3 55. Qa6 Rb8 56. Qxa3 Rb4 57. Rc4 Rb7 58. h4 gxh4 59. Rxh4 Bg5 60. Rh1 Bb5 61. Qa8 Bh6 62. Rc2 Bd3 63. Rd2 Rxb3 64. Ra1 Bxd2 65. Ra7 Qxa7 66. Qxa7+ Kg8 67. Qa8+ Kg7 68. Qa7+ Kg8 69. Qa8+ 1/2-1/2

[Event "Turkish Cup 2022"]
[Site "Sakarya"]
[Date "2022.03.26"]
[Round "3.28"]
[White "Tahaoglu, Erkin"]
[Black "Guven, Oguz Kagan"]
[Result "0-1"]
[ECO "B35"]
[WhiteElo "1694"]
[BlackElo "2157"]
[Annotator "ChessBase"]
[PlyCount "96"]
[EventDate "2022.03.25"]
[EventType "swiss"]
[EventCountry "TUR"]
[SourceTitle "playchess.com"]
[Source "ChessBase"]
[SourceQuality "1"]
[TimeControl "5400+30"]

1. e4 c5 2. Nf3 g6 3. d4 cxd4 4. Nxd4 Nc6 5. Nc3 Bg7 6. Be3 Nf6 7. Bc4 Qa5 8. O-O O-O 9. Qe2 Nxe4 10. Nxc6 bxc6 11. Nxe4 d5 12. Nd2 dxc4 13. Nxc4 Qa6 14. c3 Be6 15. b3 Bxc3 16. Rac1 Bf6 17. Rfe1 Rfe8 18. Bf4 Bd5 19. Ne5 Qxe2 20. Rxe2 Bxe5 21. Bxe5 f6 22. Bc3 a5 23. Bd4 e5 24. Bc5 Kf7 25. f3 g5 26. Rc3 h5 27. h3 Rg8 28. a3 g4 29. fxg4 hxg4 30. b4 axb4 31. Bxb4 Ke6 32. Rg3 gxh3 33. Rxh3 Rg4 34. g3 Rc4 35. Re3 c5 36. Bd2 Rb8 37. Rh2 Rb2 38. Be1 Rb1 39. Rd2 Rcc1 40. Kf2 c4 41. a4 c3 42. Rde2 Bc4 43. Rxc3 Rxc3 44. Bxc3 Bxe2 45. Kxe2 Kd5 46. a5 Rb3 47. Be1 Ke4 48. Bf2 Rb2+ 0-1

[Event "Turkish Cup 2022"]
[Site "Sakarya"]
[Date "2022.03.26"]
[Round "3.29"]
[White "Kul, Ozdemir Efe"]
[Black "Unsal, Gorkem"]
[Result "1-0"]
[ECO "A07"]
[WhiteElo "2042"]
[BlackElo "1672"]
[Annotator "ChessBase"]
[PlyCount "57"]
[EventDate "2022.03.25"]
[EventType "swiss"]
[EventCountry "TUR"]
[SourceTitle "playchess.com"]
[Source "ChessBase"]
[SourceQuality "1"]
[TimeControl "5400+30"]

1. Nf3 Nf6 2. g3 g6 3. Bg2 Bg7 4. d3 d5 5. O-O O-O 6. a3 c6 7. Nbd2 Bg4 8. h3 Bxf3 9. Bxf3 e5 10. e4 d4 11. Bg2 Nfd7 12. f4 f6 13. Nf3 Na6 14. h4 Nc7 15. h5 c5 16. hxg6 hxg6 17. Nh4 Re8 18. Nxg6 Nf8 19. Nh4 exf4 20. gxf4 Qd7 21. Nf5 Qf7 22. Rf3 Ng6 23. Rg3 Ne6 24. Qg4 Nef8 25. Nxg7 Qxg7 26. f5 Re5 27. Bf4 Re7 28. fxg6 Ne6 29. Rf1 1-0

[Event "Turkish Cup 2022"]
[Site "Sakarya"]
[Date "2022.03.26"]
[Round "3.30"]
[White "Korkmaz, Necmettin"]
[Black "Ozates, Veysel"]
[Result "1-0"]
[ECO "B12"]
[WhiteElo "2076"]
[BlackElo "1645"]
[Annotator "ChessBase"]
[PlyCount "115"]
[EventDate "2022.03.25"]
[EventType "swiss"]
[EventCountry "TUR"]
[SourceTitle "playchess.com"]
[Source "ChessBase"]
[SourceQuality "1"]
[TimeControl "5400+30"]

1. e4 c6 2. d4 d5 3. e5 Bf5 4. Nf3 e6 5. Be2 Nd7 6. O-O c5 7. Be3 Ne7 8. dxc5 Nc6 9. Nd4 Bg6 10. Nxc6 bxc6 11. b4 Nxe5 12. Bd4 Nd7 13. f4 Rb8 14. c3 f6 15. Bh5 Bxh5 16. Qxh5+ g6 17. Qe2 Kf7 18. Re1 Qe7 19. Nd2 Bh6 20. g3 Rhc8 21. Qg4 Bg7 22. Nf3 Nf8 23. Qh3 Re8 24. Re2 Qd7 25. Rae1 Re7 26. g4 Rbe8 27. Qg3 Qc7 28. g5 f5 29. Ne5+ Kg8 30. h4 Nd7 31. h5 Nxe5 32. Bxe5 Bxe5 33. Rxe5 Kg7 34. Qh4 Kg8 35. hxg6 hxg6 36. Qh6 Rg7 37. R1e2 Qf7 38. Qh3 Qd7 39. Qe3 Rge7 40. Qd4 Rh7 41. Qe3 Kf7 42. Qd4 Reh8 43. Kf2 Rh1 44. Ke3 R8h3+ 45. Kd2 Ra1 46. R5e3 Rxa2+ 47. Kd3 Rxe3+ 48. Rxe3 Kg8 49. Qf6 d4 50. Qxg6+ Kf8 51. Qf6+ Kg8 52. Qxe6+ Qxe6 53. Rxe6 dxc3 54. Kxc3 Rf2 55. Rxc6 Rxf4 56. b5 Rg4 57. b6 axb6 58. cxb6 1-0

[Event "Turkish Cup 2022"]
[Site "Sakarya"]
[Date "2022.03.26"]
[Round "3.31"]
[White "Oktem, Ege Tuna"]
[Black "Gulsoy, Mustafa Alpago"]
[Result "0-1"]
[ECO "B11"]
[WhiteElo "1614"]
[BlackElo "2023"]
[Annotator "NA"]
[PlyCount "78"]
[EventDate "2022.03.25"]
[EventType "swiss"]
[EventCountry "TUR"]
[SourceTitle "playchess.com"]
[Source "ChessBase"]
[SourceQuality "1"]
[TimeControl "5400+30"]

1. e4 c6 2. Nc3 d5 3. Nf3 dxe4 4. Nxe4 Nf6 5. Qe2 Bf5 6. d3 e6 7. Bd2 Be7 8. h3 Nbd7 9. O-O-O Nc5 10. Nxc5 Bxc5 11. g4 Bg6 12. Ne5 Qd5 13. Rg1 Qxa2 14. Bc3 Nd5 15. h4 Be7 16. Rh1 f6 17. Nxg6 hxg6 18. Qe4 O-O-O 19. Bg2 Nxc3 20. bxc3 f5 21. Qe3 Bf6 22. Kd2 Qa5 23. Qxe6+ Kb8 24. Qb3 Bxh4 25. Bxc6 Qc7 26. Rxh4 Rxh4 27. Bg2 Rxg4 28. Bh1 Qf4+ 29. Ke2 Re8+ 30. Kf1 Rg1+ 31. Kxg1 Qg4+ 32. Bg2 Qxd1+ 33. Bf1 Qg4+ 34. Bg2 Re1+ 35. Kh2 Qh4+ 36. Bh3 Qxf2+ 37. Bg2 Qh4+ 38. Bh3 Re2+ 39. Kg1 Qg3+ 0-1

[Event "Turkish Cup 2022"]
[Site "Sakarya"]
[Date "2022.03.26"]
[Round "3.33"]
[White "Pehlivan, Mert"]
[Black "Ozcan, Ilker"]
[Result "0-1"]
[ECO "A04"]
[WhiteElo "1573"]
[BlackElo "2014"]
[Annotator "ChessBase"]
[PlyCount "68"]
[EventDate "2022.03.25"]
[EventType "swiss"]
[EventCountry "TUR"]
[SourceTitle "playchess.com"]
[Source "ChessBase"]
[SourceQuality "1"]
[TimeControl "5400+30"]

1. e4 c5 2. Nf3 Nc6 3. d3 g6 4. g3 Bg7 5. Bg2 d6 6. O-O e5 7. c3 Nge7 8. Na3 O-O 9. Be3 Rb8 10. d4 exd4 11. cxd4 Bg4 12. dxc5 dxc5 13. Qxd8 Rfxd8 14. Rab1 b6 15. h3 Be6 16. b3 Nb4 17. Bf4 Rb7 18. Rfd1 Rbd7 19. Rxd7 Rxd7 20. Ng5 Nxa2 21. Nxe6 fxe6 22. h4 Nc3 23. Re1 Nc6 24. Be3 Na5 25. Bh3 Kf7 26. f4 Nxb3 27. f5 exf5 28. exf5 Re7 29. Nc4 b5 30. Nd6+ Kg8 31. fxg6 hxg6 32. Bf1 Rxe3 33. Rxe3 Bd4 34. Kf2 Nd1+ 0-1

[Event "Turkish Cup 2022"]
[Site "Sakarya"]
[Date "2022.03.26"]
[Round "3.35"]
[White "Kandaz, Berat Efe"]
[Black "Unesi, Erdal"]
[Result "1/2-1/2"]
[ECO "D37"]
[WhiteElo "1519"]
[BlackElo "1861"]
[Annotator "NA"]
[PlyCount "121"]
[EventDate "2022.03.25"]
[EventType "swiss"]
[EventCountry "TUR"]
[SourceTitle "playchess.com"]
[Source "ChessBase"]
[SourceQuality "1"]
[TimeControl "5400+30"]

1. d4 Nf6 2. c4 e6 3. Nf3 d5 4. Nc3 Be7 5. Bf4 c6 6. e3 Nbd7 7. c5 Nh5 8. Bd3 b6 9. b4 Nxf4 10. exf4 bxc5 11. bxc5 Qa5 12. Qd2 Ba6 13. O-O Bxd3 14. Qxd3 O-O 15. Rab1 Rfb8 16. Ne5 Nxe5 17. fxe5 Qa3 18. Qc2 Bd8 19. Ne2 g6 20. Rfd1 Kg7 21. Rd3 Rxb1+ 22. Qxb1 Rb8 23. Rb3 Rxb3 24. Qxb3 Qa5 25. Kf1 Qd2 26. a3 Ba5 27. Qb1 h5 28. Qc1 Qd3 29. h4 Bd2 30. Qd1 a5 31. a4 Kf8 32. Kg1 Kg7 33. Kh1 Kf8 34. Kg1 Ke7 35. Kh1 Kf8 36. Kg1 Kg8 37. g3 Kg7 38. Kh2 g5 39. hxg5 h4 40. Kg2 hxg3 41. fxg3 Qe4+ 42. Kh3 Bxg5 43. Nf4 Kf8 44. Qh5 Qf5+ 45. Qg4 Qh7+ 46. Kg2 Qc2+ 47. Kh3 Bxf4 48. Qxf4 Qh7+ 49. Qh4 Qf5+ 50. Qg4 Qf1+ 51. Kh4 Qh1+ 52. Kg5 Qh7 53. Kf4 Qd3 54. Kg5 Ke7 55. Kh4 Kd7 56. Qf4 Qg6 57. Qg5 Qe4+ 58. Qf4 Qh7+ 59. Kg4 Qg6+ 60. Qg5 Qe4+ 61. Qf4 1/2-1/2

[Event "Turkish Cup 2022"]
[Site "Sakarya"]
[Date "2022.03.26"]
[Round "3.36"]
[White "Demirag, Gokhan"]
[Black "Ozcan, Ege"]
[Result "1-0"]
[ECO "D34"]
[WhiteElo "1946"]
[BlackElo "1304"]
[Annotator "ChessBase"]
[PlyCount "93"]
[EventDate "2022.03.25"]
[EventType "swiss"]
[EventCountry "TUR"]
[SourceTitle "playchess.com"]
[Source "ChessBase"]
[SourceQuality "1"]
[TimeControl "5400+30"]

1. d4 Nf6 2. c4 e6 3. Nf3 d5 4. Nc3 c5 5. cxd5 exd5 6. g3 Nc6 7. Bg2 Bd6 8. O-O O-O 9. Bg5 cxd4 10. Nxd4 Be5 11. e3 Be6 12. f4 Bxd4 13. exd4 h6 14. Bh4 g6 15. Qd2 Kg7 16. f5 gxf5 17. Ne2 Qb6 18. Bxf6+ Kxf6 19. Qxh6+ Ke7 20. Qe3 Kd7 21. Rfd1 Rad8 22. Nc3 Rfe8 23. Na4 Qc7 24. Rac1 b6 25. Bf1 Kc8 26. Rxc6 Qxc6 27. Rc1 Qxc1 28. Qxc1+ Kb7 29. Nc3 Rc8 30. Qf4 a6 31. Bd3 b5 32. a3 Kc6 33. a4 bxa4 34. Bxa6 Rb8 35. Nxa4 Rb4 36. Qc1+ Kd7 37. Qc5 Reb8 38. Qa7+ Ke8 39. Nc5 Rxb2 40. Bb7 Rd8 41. Qa3 Rb1+ 42. Kf2 Rb8 43. Qa7 Rd8 44. h4 Rb2+ 45. Kf3 Rh2 46. Bc6+ Kf8 47. Qc7 1-0

[Event "Turkish Cup 2022"]
[Site "Sakarya"]
[Date "2022.03.26"]
[Round "3.37"]
[White "Bektasoglu, Ali"]
[Black "Sahin, Huseyin"]
[Result "0-1"]
[ECO "B13"]
[WhiteElo "1224"]
[BlackElo "1788"]
[Annotator "NA"]
[PlyCount "90"]
[EventDate "2022.03.25"]
[EventType "swiss"]
[EventCountry "TUR"]
[SourceTitle "playchess.com"]
[Source "ChessBase"]
[SourceQuality "1"]
[TimeControl "5400+30"]

1. e4 c6 2. d4 d5 3. exd5 cxd5 4. Nf3 Nc6 5. Bf4 Bg4 6. c3 e6 7. Nbd2 Bd6 8. Bg3 Nf6 9. Bd3 O-O 10. Qc2 Rc8 11. Qb1 Qc7 12. Bh4 h6 13. Bxf6 gxf6 14. h3 Bxf3 15. Nxf3 e5 16. dxe5 fxe5 17. Bh7+ Kg7 18. Bf5 Rce8 19. O-O e4 20. Nd4 Nxd4 21. cxd4 Qe7 22. Qc1 Qf6 23. Bg4 Qg6 24. Qd1 Kh7 25. Bd7 Re7 26. Qg4 Qxg4 27. Bxg4 f5 28. Bd1 Rd8 29. Bb3 Bb4 30. Rad1 f4 31. a3 Ba5 32. Bc2 Kh8 33. b4 Bb6 34. g3 Rg8 35. Kh2 fxg3+ 36. fxg3 Bc7 37. Rf5 Rxg3 38. Kh1 Reg7 39. Rh5 Rg2 40. Re5 Rxc2 41. Rf1 Bxe5 42. dxe5 e3 43. e6 Rf2 44. Re1 e2 45. e7 Rxe7 0-1

[Event "Turkish Cup 2022"]
[Site "Sakarya"]
[Date "2022.03.26"]
[Round "3.38"]
[White "Kilic, Nurullah"]
[Black "Lale, Omer Faruk"]
[Result "1-0"]
[ECO "D26"]
[WhiteElo "1171"]
[BlackElo "1771"]
[Annotator "NA"]
[PlyCount "109"]
[EventDate "2022.03.25"]
[EventType "swiss"]
[EventCountry "TUR"]
[SourceTitle "playchess.com"]
[Source "ChessBase"]
[SourceQuality "1"]
[TimeControl "5400+30"]

1. e4 c6 2. d4 d5 3. exd5 cxd5 4. c4 dxc4 5. Bxc4 e6 6. Nc3 Nf6 7. Nf3 Nc6 8. O-O Be7 9. Bf4 a6 10. Bb3 O-O 11. Re1 Nd5 12. Bg3 Nxc3 13. bxc3 Bf6 14. Qd3 b5 15. Rad1 Bb7 16. Nd2 Rc8 17. Ne4 Be7 18. Bc2 g6 19. Bf4 Na5 20. Bh6 Re8 21. Qg3 b4 22. Qe5 Bf8 23. Nf6+ Qxf6 24. Qxf6 Bxh6 25. cxb4 Rxc2 26. bxa5 Bd5 27. Qh4 Bf8 28. a3 Bxa3 29. Re3 Be7 30. Qf4 Rec8 31. h4 h5 32. g4 Rc1 33. Ree1 Rxd1 34. Rxd1 hxg4 35. Qxg4 Kg7 36. Rd3 f5 37. Qf4 g5 38. Rg3 g4 39. f3 Bxh4 40. Rxg4+ fxg4 41. Qxg4+ Kf7 42. Qh5+ Ke7 43. Qxh4+ Kd7 44. Qh7+ Kd6 45. Qa7 Rc1+ 46. Kf2 Rc2+ 47. Kg3 Rc3 48. Qxa6+ Bc6 49. Kg4 Kd5 50. Qb6 Bd7 51. Kf4 Rc4 52. Ke3 Rc3+ 53. Kd2 Rc4 54. Kd3 Rc8 55. a6 1-0

[Event "Turkish Cup 2022"]
[Site "Sakarya"]
[Date "2022.03.26"]
[Round "3.39"]
[White "Danaci, Ege"]
[Black "Ulku, Ahmet"]
[Result "1-0"]
[ECO "C41"]
[WhiteElo "2264"]
[BlackElo "1284"]
[Annotator "ChessBase"]
[PlyCount "89"]
[EventDate "2022.03.25"]
[EventType "swiss"]
[EventCountry "TUR"]
[SourceTitle "playchess.com"]
[Source "ChessBase"]
[SourceQuality "1"]
[TimeControl "5400+30"]

1. e4 e5 2. Nf3 Nc6 3. d4 exd4 4. Bc4 d6 5. Nxd4 Nf6 6. Nc3 g6 7. Nxc6 bxc6 8. O-O Bg7 9. Bg5 O-O 10. Qd2 Be6 11. Bxe6 fxe6 12. Qe2 Qd7 13. Rad1 Rab8 14. Bc1 Qf7 15. f4 Nd7 16. Qd3 Nc5 17. Qe3 Qe7 18. e5 d5 19. Ne2 Rb6 20. b3 Nd7 21. c4 Ra6 22. Nc3 Rd8 23. Qe2 Rb6 24. Be3 Rb7 25. Qg4 Rf8 26. Ne2 Nb8 27. h4 Qf7 28. Nd4 Re8 29. cxd5 cxd5 30. Rc1 Kh8 31. h5 gxh5 32. Qh3 Nd7 33. Rc6 Nf8 34. f5 Bxe5 35. fxe6 Qg7 36. Rf7 Qg6 37. Qf3 Nxe6 38. Nxe6 Rxe6 39. Qxd5 Qxf7 40. Rxe6 Bd6 41. Re8+ Kg7 42. Bd4+ Kg6 43. Re6+ Qxe6 44. Qxe6+ Kg5 45. Qd5+ 1-0

[Event "Turkish Cup 2022"]
[Site "Sakarya"]
[Date "2022.03.26"]
[Round "3.40"]
[White "Ersoy, Emre"]
[Black "Bacak, Muhammed Kaan"]
[Result "0-1"]
[ECO "B33"]
[WhiteElo "1516"]
[BlackElo "2155"]
[Annotator "ChessBase"]
[PlyCount "66"]
[EventDate "2022.03.25"]
[EventType "swiss"]
[EventCountry "TUR"]
[SourceTitle "playchess.com"]
[Source "ChessBase"]
[SourceQuality "1"]
[TimeControl "5400+30"]

1. e4 c5 2. Nf3 Nc6 3. d4 cxd4 4. Nxd4 Qb6 5. Nb3 Nf6 6. Nc3 e6 7. Be3 Qc7 8. Bd3 a6 9. f4 d6 10. O-O Be7 11. Qf3 b5 12. Nd4 Bb7 13. f5 Nxd4 14. Bxd4 e5 15. Be3 b4 16. Ne2 d5 17. exd5 Bxd5 18. Qg3 Bc5 19. Kh1 Bxe3 20. Qxe3 O-O 21. c4 Bc6 22. Ng3 Rad8 23. Rad1 Rd4 24. b3 Rfd8 25. Be2 Qb7 26. Qg1 h6 27. Rxd4 Rxd4 28. Rd1 Rf4 29. Rf1 Rh4 30. Bf3 Ng4 31. Qc5 Bxf3 32. Rxf3 Nxh2 33. Rd3 Nf3# 0-1

[Event "Turkish Cup 2022"]
[Site "Sakarya"]
[Date "2022.03.26"]
[Round "3.41"]
[White "Ozturk, Mustafa"]
[Black "Tarhan, Adar"]
[Result "0-1"]
[ECO "C54"]
[WhiteElo "1375"]
[BlackElo "2125"]
[Annotator "ChessBase"]
[PlyCount "86"]
[EventDate "2022.03.25"]
[EventType "swiss"]
[EventCountry "TUR"]
[SourceTitle "playchess.com"]
[Source "ChessBase"]
[SourceQuality "1"]
[TimeControl "5400+30"]

1. e4 e5 2. Nf3 Nc6 3. Bc4 Bc5 4. c3 Nf6 5. d3 d6 6. h3 a6 7. Bb3 O-O 8. Nbd2 Be6 9. Nf1 d5 10. Qe2 dxe4 11. dxe4 Bxb3 12. axb3 a5 13. Ng3 Qe7 14. Nh4 Rad8 15. Qf3 Qe6 16. Nhf5 Rfe8 17. Bg5 Bf8 18. Nh5 Nxh5 19. Bxd8 Rxd8 20. Qxh5 g6 21. Qg4 Qxb3 22. Rb1 h5 23. Qg5 Qc4 24. Ne3 Qb5 25. Rd1 Be7 26. Qg3 Nd4 27. Rd2 Ne6 28. Rxd8+ Bxd8 29. Nd1 Nf4 30. Qf3 Nd3+ 31. Kd2 Nxb2 32. Nxb2 Qxb2+ 33. Kd3 Bg5 34. Rd1 a4 35. h4 Bh6 36. g4 hxg4 37. Qxg4 a3 38. h5 Qb5+ 39. Kc2 Qa4+ 40. Kd3 b5 41. hxg6 f5 42. Qf3 fxe4+ 43. Qxe4 Qxd1# 0-1

[Event "Turkish Cup 2022"]
[Site "Sakarya"]
[Date "2022.03.26"]
[Round "3.42"]
[White "Canbulan, Arda"]
[Black "Teke, Murat"]
[Result "1-0"]
[ECO "B76"]
[WhiteElo "1867"]
[BlackElo "1521"]
[Annotator "NA"]
[PlyCount "93"]
[EventDate "2022.03.25"]
[EventType "swiss"]
[EventCountry "TUR"]
[SourceTitle "playchess.com"]
[Source "ChessBase"]
[SourceQuality "1"]
[TimeControl "5400+30"]

1. e4 c5 2. Nf3 Nc6 3. d4 cxd4 4. Nxd4 d6 5. Nc3 Nf6 6. f3 g6 7. Be3 Bg7 8. Qd2 O-O 9. O-O-O a6 10. g4 Nxd4 11. Bxd4 Qa5 12. Kb1 Be6 13. Nd5 Qxd2 14. Nxe7+ Kh8 15. Rxd2 Rfe8 16. Bxf6 Bxf6 17. Nd5 Bxd5 18. Rxd5 Be5 19. h4 Kg7 20. Bd3 h6 21. c4 Rac8 22. Rc1 Bf4 23. Rc2 Rc5 24. b4 Rxd5 25. cxd5 Re7 26. Kb2 Kf6 27. Kb3 Ke5 28. Ka4 Be3 29. Rc8 Kf4 30. Be2 Bd4 31. Ka5 Ke3 32. Rc2 h5 33. gxh5 gxh5 34. a4 f5 35. exf5 Re5 36. Bxa6 bxa6 37. Kxa6 Rxf5 38. b5 Rf8 39. Kb7 Kd3 40. Rc1 Rxf3 41. a5 Ke4 42. b6 Kxd5 43. a6 Bxb6 44. Kxb6 Rb3+ 45. Kc7 Ke5 46. Ra1 d5 47. a7 1-0

[Event "Turkish Cup 2022"]
[Site "Sakarya"]
[Date "2022.03.26"]
[Round "3.43"]
[White "Kocakaplan, Emre"]
[Black "Bayramiclilar, Yusuf Ruzgar"]
[Result "1-0"]
[ECO "A29"]
[WhiteElo "1846"]
[BlackElo "1514"]
[Annotator "NA"]
[PlyCount "95"]
[EventDate "2022.03.25"]
[EventType "swiss"]
[EventCountry "TUR"]
[SourceTitle "playchess.com"]
[Source "ChessBase"]
[SourceQuality "1"]
[TimeControl "5400+30"]

1. c4 e5 2. Nc3 Nf6 3. Nf3 Nc6 4. g3 Bc5 5. Bg2 O-O 6. O-O d6 7. b3 h6 8. d3 Be6 9. Bb2 Qd7 10. e3 Bh3 11. d4 exd4 12. exd4 Bb6 13. a3 Bxg2 14. Kxg2 a5 15. d5 Ne7 16. Na4 Ne4 17. Nxb6 cxb6 18. Qd4 Nf6 19. Qxb6 Nf5 20. Bxf6 gxf6 21. Rfe1 Rfc8 22. Nd4 Ng7 23. Nb5 Nf5 24. Nd4 Ng7 25. Qb5 Qg4 26. Rad1 Rc5 27. Qxb7 Rcc8 28. f3 Qg6 29. a4 Re8 30. Qd7 f5 31. f4 Qf6 32. Rxe8+ Rxe8 33. Rd2 Re4 34. Nf3 Qc3 35. Qxd6 Re3 36. Rf2 Qxb3 37. Qxh6 Qxc4 38. Qc6 Qe4 39. Qa8+ Kh7 40. Qxa5 Nh5 41. d6 Nxf4+ 42. gxf4 Qxf4 43. h3 Rd3 44. Qe5 Qxe5 45. Nxe5 Rxd6 46. Rxf5 f6 47. Ng4 Kg6 48. Rxf6+ 1-0

[Event "Turkish Cup 2022"]
[Site "Sakarya"]
[Date "2022.03.26"]
[Round "3.44"]
[White "Ocakoglu, Orhan Kemal"]
[Black "Isik, Kadri"]
[Result "0-1"]
[ECO "A45"]
[WhiteElo "1482"]
[BlackElo "1858"]
[Annotator "NA"]
[PlyCount "92"]
[EventDate "2022.03.25"]
[EventType "swiss"]
[EventCountry "TUR"]
[SourceTitle "playchess.com"]
[Source "ChessBase"]
[SourceQuality "1"]
[TimeControl "5400+30"]

1. d4 Nf6 2. Bf4 e6 3. e3 c5 4. c3 Qb6 5. Qc2 cxd4 6. exd4 Nc6 7. Nf3 Be7 8. Bd3 d5 9. O-O Bd7 10. Nbd2 Rc8 11. Qb3 Qxb3 12. axb3 a6 13. b4 Na7 14. h3 Bb5 15. Ne5 Nd7 16. Bxb5 Nxb5 17. Nb3 f6 18. Nd3 Bd6 19. Rfe1 Kf7 20. Nbc5 Nxc5 21. bxc5 Bxf4 22. Nxf4 Rhe8 23. Nd3 Ra8 24. f4 a5 25. Ra4 Ra6 26. Rea1 Rea8 27. Nc1 b6 28. cxb6 Rxb6 29. Nd3 Nd6 30. Rxa5 Rxa5 31. Rxa5 Nc4 32. Ra2 Rb3 33. Kf2 Kg6 34. Kf3 h5 35. Ra6 Nxb2 36. Nxb2 Rxc3+ 37. Kf2 Rc2+ 38. Kf3 Rxb2 39. Rxe6 Rd2 40. g4 Rd3+ 41. Re3 Rxd4 42. f5+ Kg5 43. Re7 hxg4+ 44. hxg4 Rf4+ 45. Ke3 Re4+ 46. Rxe4 dxe4 0-1

[Event "Turkish Cup 2022"]
[Site "Sakarya"]
[Date "2022.03.26"]
[Round "3.45"]
[White "Isbilir, Okan"]
[Black "Gani, Refik Efe"]
[Result "1/2-1/2"]
[ECO "D30"]
[WhiteElo "1915"]
[BlackElo "1370"]
[Annotator "NA"]
[PlyCount "133"]
[EventDate "2022.03.25"]
[EventType "swiss"]
[EventCountry "TUR"]
[SourceTitle "playchess.com"]
[Source "ChessBase"]
[SourceQuality "1"]
[TimeControl "5400+30"]

1. d4 d5 2. c4 e6 3. g3 c6 4. Qc2 dxc4 5. Qxc4 b5 6. Qd3 Bb7 7. Bg2 Nf6 8. Nc3 a6 9. Nh3 h6 10. O-O Be7 11. Rd1 O-O 12. Bf4 Nbd7 13. Rac1 Qb6 14. a4 Rfd8 15. Qc2 c5 16. Ne4 c4 17. a5 Qa7 18. Nc3 Bxg2 19. Kxg2 Nb8 20. Bxb8 Raxb8 21. e3 Qc7 22. Ra1 Bb4 23. Ne4 Nxe4 24. Qxe4 c3 25. bxc3 Bxc3 26. Rdc1 b4 27. Nf4 b3 28. Ra3 b2 29. Rcxc3 Qxc3 30. Rxc3 b1=Q 31. Qxb1 Rxb1 32. Rc6 Ra8 33. Nd3 Ra1 34. Rc5 Rb8 35. Ne5 f6 36. Nd7 Rb5 37. Rc8+ Kf7 38. Nc5 Raxa5 39. Rc7+ Ke8 40. Nxe6 g5 41. Ra7 Rb6 42. d5 Ra2 43. Kf3 a5 44. h4 a4 45. hxg5 hxg5 46. e4 a3 47. Kg4 Rxf2 48. Rxa3 Rxe6 49. dxe6 Ke7 50. Ra6 Re2 51. Kf3 Rd2 52. Kg4 Re2 53. Kf3 Rd2 54. e5 f5 55. g4 f4 56. Ke4 Rd8 57. Kf5 Rf8+ 58. Kxg5 f3 59. Ra1 f2 60. Rf1 Kxe6 61. Kh6 Kxe5 62. g5 Ke4 63. g6 Ke3 64. g7 Rg8 65. Kh7 Rxg7+ 66. Kxg7 Ke2 67. Ra1 1/2-1/2

[Event "Turkish Cup 2022"]
[Site "Sakarya"]
[Date "2022.03.26"]
[Round "3.46"]
[White "Kilic, Cihan"]
[Black "Togrul, Ayberk"]
[Result "1-0"]
[ECO "A48"]
[WhiteElo "1874"]
[BlackElo "1526"]
[Annotator "NA"]
[PlyCount "73"]
[EventDate "2022.03.25"]
[EventType "swiss"]
[EventCountry "TUR"]
[SourceTitle "playchess.com"]
[Source "ChessBase"]
[SourceQuality "1"]
[TimeControl "5400+30"]

1. d4 Nf6 2. Nf3 g6 3. Bf4 Bg7 4. e3 d6 5. Nbd2 Nbd7 6. h3 b6 7. Be2 Bb7 8. O-O O-O 9. c4 Re8 10. Qc2 e5 11. Bh2 exd4 12. Nxd4 Ne5 13. Rfd1 Nc6 14. N2f3 Qe7 15. Rac1 Nxd4 16. Nxd4 Nd7 17. b4 Bxd4 18. Rxd4 a5 19. a3 axb4 20. axb4 Ne5 21. Qb2 Qg5 22. Bg3 Qf6 23. c5 bxc5 24. bxc5 Ba6 25. Bxa6 Rxa6 26. Qb7 dxc5 27. Rxc5 Rb6 28. Qxc7 Rb1+ 29. Kh2 Nf3+ 30. gxf3 Qxf3 31. Rc1 Rb2 32. Rf4 Qd5 33. Rd1 Qb3 34. Rd8 Rxd8 35. Qxd8+ Kg7 36. Qf6+ Kg8 37. Rd4 1-0

[Event "Turkish Cup 2022"]
[Site "Sakarya"]
[Date "2022.03.26"]
[Round "3.47"]
[White "Zuberoglu, Ibrahim Berk"]
[Black "Parlarkilic, Engin"]
[Result "0-1"]
[ECO "B01"]
[WhiteElo "1780"]
[BlackElo "1587"]
[Annotator "NA"]
[PlyCount "52"]
[EventDate "2022.03.25"]
[EventType "swiss"]
[EventCountry "TUR"]
[SourceTitle "playchess.com"]
[Source "ChessBase"]
[SourceQuality "1"]
[TimeControl "5400+30"]

1. e4 d5 2. exd5 Nf6 3. d4 Bg4 4. Be2 Bxe2 5. Qxe2 Qxd5 6. Nf3 Nc6 7. O-O h6 8. Be3 O-O-O 9. c4 Qh5 10. Nc3 e6 11. Rfd1 Bd6 12. h3 g5 13. Nb5 Bf4 14. Bxf4 gxf4 15. Qd2 e5 16. Nxe5 Nxd4 17. Nxa7+ Kb8 18. Qa5 Ne2+ 19. Kh1 Ng3+ 20. fxg3 Rxd1+ 21. Rxd1 Qxd1+ 22. Kh2 fxg3+ 23. Kxg3 Qd6 24. Kf3 Re8 25. Nxf7 Qd3+ 26. Kf4 Qxc4+ 0-1

[Event "Turkish Cup 2022"]
[Site "Sakarya"]
[Date "2022.03.27"]
[Round "4.1"]
[White "Zor, Alber Kadir"]
[Black "Koksal, Ege"]
[Result "1/2-1/2"]
[ECO "C45"]
[WhiteElo "2147"]
[BlackElo "2343"]
[Annotator "NA"]
[PlyCount "20"]
[EventDate "2022.03.25"]
[EventType "swiss"]
[EventCountry "TUR"]
[SourceTitle "playchess.com"]
[Source "ChessBase"]
[SourceQuality "1"]
[TimeControl "5400+30"]

1. e4 e5 2. Nf3 Nc6 3. d4 exd4 4. Nxd4 Nf6 5. Nxc6 bxc6 6. e5 Nd5 7. c4 Nb6 8. Be3 Bb4+ 9. Nd2 Qe7 10. Bd3 O-O 1/2-1/2